[Event "Late-Titled-Tuesday-Blitz-October-03-2023"]
[Site "Chess.com"]
[Date "2023.10.03"]
[Round "5"]
[White "szachmistrz2500"]
[Black "svilson23"]
[Result "1-0"]
[WhiteElo "2420"]
[BlackElo "2206"]
[TimeControl "180+1"]
[EndTime "14:53:12 PDT"]
[Termination "szachmistrz2500 won by resignation"]

1. Nf3 d5 2. g3 g6 3. Bg2 Bg7 4. O-O c6 5. d3 Bg4 6. Nbd2 e6 7. e4 Nd7 8. h3 Bxf3 9. Nxf3 Ne7 10. Qe2 O-O 11. e5 d4 12. Bf4 Qb6 13. b3 c5 14. h4 Nc6 15. h5 Qc7 16. Rfe1 Rae8 17. h6 Bh8 18. Qe4 Nb6 19. Nh2 Nd5 20. Ng4 Nxf4 21.
Qxf4 f6 22. Bxc6 bxc6 23. Re2 fxe5 24. Qe4 Rf5 25. Rae1 Ref8 26. Qg2 Qd7 27. Re4 Qd5 28. R1e2 a5 29. a4 Qd7 30. Qf1 Bf6 31. Qe1 Qc7 32.
Nxe5 Bxe5 33. Rxe5 Rxe5 34. Rxe5 Qe7 35. Rxe6 Qg5 36.
Re7 Qxh6 37. Qe6+ Kh8 38. Qe5+ Kg8 39. Qxc5 Qc1+ 40. Kg2 Qd2 41. Qc4+ Kh8 42. Qxd4+ Kg8 43. c4 1-0

[Event "Late-Titled-Tuesday-Blitz-October-03-2023"]
[Site "Chess.com"]
[Date "2023.10.03"]
[Round "5"]
[White "KNVB"]
[Black "Krakozia"]
[Result "0-1"]
[WhiteElo "2696"]
[BlackElo "2994"]
[TimeControl "180+1"]
[EndTime "14:53:16 PDT"]
[Termination "Krakozia won on time"]

1. d4 Nf6 2. Nc3 e6 3. Bf4 Bb4 4. Qd3 c5 5. a3 Qa5 6. Nf3 Nc6 7.
Bd2 b6 8. Nb5 Bxd2+ 9. Nxd2 O-O 10. b4 cxb4 11. Nc7 Rb8 12. Nb3 Qh5 13. h3 a5 14. e3 Bb7 15. Be2 Qg6 16. Qxg6 hxg6 17.
Nb5 d5 18. axb4 Nxb4 19. Na3 Rfc8 20. Bd1 Ne4 21. f3 Nc3 22. Kd2 Rc7 23. Nc1 Rbc8 24. Nd3 Ba6 25. Nxb4 axb4 26. Nb1 Nxd1 27. Rxa6 Rxc2+ 28. Kxd1 Rc1+ 29. Ke2 Rxh1 30. Nd2 Rb8 31. Ra4 Rc1 32. Rxb4 b5 33. Kd3 g5 34. Nb3 Rc4 0-1

[Event "Late-Titled-Tuesday-Blitz-October-03-2023"]
[Site "Chess.com"]
[Date "2023.10.03"]
[Round "5"]
[White "egnfanclub"]
[Black "GAusal"]
[Result "0-1"]
[WhiteElo "2375"]
[BlackElo "2281"]
[TimeControl "180+1"]
[EndTime "14:53:16 PDT"]
[Termination "GAusal won by resignation"]

1. e4 e5 2. Nf3 Nc6 3. d4 d6 4. Bb5 Bg4 5. d5 a6 6. dxc6 axb5 7. cxb7 Rb8 8. Nc3 Rxb7 9. Qd5 Qb8 10. Ng5 c5 11. h3 Nf6 12. Qd3 Be6 13. Nd5 Bxd5 14. exd5 Be7 15. O-O O-O 16. f4 c4 17. Qf3 h6 18.
fxe5 hxg5 19. exf6 Bxf6 20. c3 b4 21. Qg3 bxc3 22.
bxc3 Qd8 23. Be3 Bxc3 24. Bxg5 Bd4+ 25. Kh1 f6 26. Rad1 fxg5 27. Rxf8+ Qxf8 28. Rxd4 Rb1+ 29. Kh2 Qf1 30. Qe3 Re1 31. Qc3 Qg1+ 32. Kg3 Re3+ 0-1

[Event "Late-Titled-Tuesday-Blitz-October-03-2023"]
[Site "Chess.com"]
[Date "2023.10.03"]
[Round "5"]
[White "FairChess_on_YouTube"]
[Black "dedpihto_v_kozhanom_palto"]
[Result "1-0"]
[WhiteElo "3038"]
[BlackElo "2707"]
[TimeControl "180+1"]
[EndTime "14:53:18 PDT"]
[Termination "FairChess_on_YouTube won by checkmate"]

1. c4 g6 2. e4 Bg7 3. d4 d6 4.
Nc3 Nc6 5. Be3 e5 6. d5 Nce7 7.
f3 f5 8. Qd2 Nf6 9. h3 O-O 10.
O-O-O a6 11. g4 Bd7 12. Bd3 b5 13. c5 b4 14. Nce2 Bb5 15. Kb1 Qb8 16. Nc1 a5 17. Nge2 Bxd3+ 18. Qxd3 a4 19. c6 a3 20. b3 Ra5 21.
Qc4 Kh8 22. g5 Nh5 23. Nd3 Rb5 24. Rhf1 Rf7 25. h4 Rf8 26. Bd2 Nf4 27. Nexf4 exf4 28. Bxb4 fxe4 29. fxe4 f3 30. Bxa3 f2 31. Bb2 Bxb2 32. Kxb2 Ra5 33. Qd4+ Kg8 34. Rd2 Qa8 35. Nb4 Rb5 36.
Rdxf2 Rxf2+ 37. Qxf2 Qe8 38. a3 Rb8 39. Qf6 Nc8 40.
Qe6+ Qxe6 41. dxe6 Ne7 42. Rf7 Re8 43. a4 Nc8 44. Rxc7 h5 45. Nd5 Na7 46. Nf6+ Kh8 47. Rh7# 1-0

[Event "Late-Titled-Tuesday-Blitz-October-03-2023"]
[Site "Chess.com"]
[Date "2023.10.03"]
[Round "5"]
[White "matagordo"]
[Black "Sjakkerntobi"]
[Result "0-1"]
[WhiteElo "2232"]
[BlackElo "2511"]
[TimeControl "180+1"]
[EndTime "14:53:18 PDT"]
[Termination "Sjakkerntobi won by resignation"]

1. d4 d5 2. Bf4 Nf6 3. e3 c5 4. Nf3 e6 5. Nbd2 Bd6 6. Ne5 O-O 7. c3 Nc6 8. Bd3 Qc7 9. Ndf3 Ne4 10. O-O Ne7 11. dxc5 Qxc5 12. Qc2 f6 13. Ng4 e5 14. Nh6+ gxh6 15. Bxh6 Rf7 16. Bxe4 dxe4 17. Qxe4 Bf5 18. Qxb7 Rb8 19. Qa6 Qb6 20. Qa4 Kh8 21.
Rad1 Rg8 22. e4 Bg4 23. Nd2 Bxd1 24. Rxd1 Bc5 25. b4 Bxf2+ 26. Kh1 Qc6 27. Qb3 Qe8 28. Nc4 Nc8 29. Na5 Rd7 30. Rf1 Bh4 31. Qc4 Nb6 32. Qe2 Qg6 33. Nc6 Qxh6 34. c4 Rd2 35. Qf3 Rgxg2 36.
Qxg2 Rxg2 37. Kxg2 Nxc4 38. Ne7 Ne3+ 39. Kf3 Qf4+ 0-1

[Event "Late-Titled-Tuesday-Blitz-October-03-2023"]
[Site "Chess.com"]
[Date "2023.10.03"]
[Round "5"]
[White "venturov"]
[Black "The_Princess_Moon"]
[Result "1-0"]
[WhiteElo "2491"]
[BlackElo "2290"]
[TimeControl "180+1"]
[EndTime "14:53:19 PDT"]
[Termination "venturov won by resignation"]

1. e4 c5 2. Nf3 a6 3. d4 cxd4 4. c3 dxc3 5. Bc4 e6 6. Nxc3 Ne7 7. O-O Ng6 8. Ng5 Be7 9. Qh5 Bxg5 10. Bxg5 Qa5 11.
Be2 h6 12. Be3 Qxh5 13. Bxh5 O-O 14. f4 Nc6 15. Bc5 Rd8 16. Bb6 Re8 17. Rad1 d5 18. exd5 exd5 19. Nxd5 Rb8 20. Bc7 Ra8 21. Nb6 Be6 22.
Nxa8 Rxa8 23. f5 Bc4 24. fxg6 fxg6 25. Rf4 Bxa2 26. Bxg6 Rc8 27. Bb6 Ne5 28. Rd8+ Rxd8 29. Bxd8 Nxg6 30. Rb4 Kh7 31. Rxb7 Bd5 32. Ra7 Bc4 33. Bf6 Nf4 34. Rxg7+ Kh8 35. Rg4+ 1-0

[Event "Late-Titled-Tuesday-Blitz-October-03-2023"]
[Site "Chess.com"]
[Date "2023.10.03"]
[Round "5"]
[White "Brown_Mamba24"]
[Black "victormago"]
[Result "0-1"]
[WhiteElo "2648"]
[BlackElo "2507"]
[TimeControl "180+1"]
[EndTime "14:53:21 PDT"]
[Termination "victormago won by resignation"]

1. d4 Nf6 2. c4 c5 3. d5 e6 4.
Nc3 exd5 5. cxd5 d6 6. Nf3 g6 7. h3 Bg7 8. Bf4 a6 9. a4 O-O 10. e3 Qe7 11. Bd3 Nbd7 12. O-O Nh5 13. Bh2 f5 14. Re1 Ne5 15. Be2 Nxf3+ 16. Bxf3 Nf6 17.
a5 Ne4 18. Ra3 Bd7 19. Re2 Nxc3 20. bxc3 Bb5 21. Rb2 Rac8 22. Be2 c4 23. Rb4 Rc5 24. Ra2 Bxc3 25. Rb1 Be5 26. f4 Bf6 27. Kf1 Qxe3 28.
Bf3 c3+ 29. Be2 c2 30. Rxc2 Ba4 31. Rbc1 Bxc2 32. Rxc2 Rfc8 33. Bd3 Rxc2 34. Bxc2 Bd4 0-1

[Event "Late-Titled-Tuesday-Blitz-October-03-2023"]
[Site "Chess.com"]
[Date "2023.10.03"]
[Round "5"]
[White "hellokostya"]
[Black "traack"]
[Result "0-1"]
[WhiteElo "2544"]
[BlackElo "2432"]
[TimeControl "180+1"]
[EndTime "14:53:21 PDT"]
[Termination "traack won by resignation"]

1. Nf3 Nf6 2. c4 e6 3. d4 d5 4. Nc3 Be7 5. Bf4 O-O 6. e3 b6 7. Bd3 Bb7 8. O-O Nbd7 9. Qe2 c5 10. cxd5 Nxd5 11. Nxd5 Bxd5 12. Rfd1 cxd4 13. exd4 h6 14. Ne5 Nxe5 15. dxe5 Bg5 16. Qg4 Bxf4 17. Qxf4 Qg5 18. Qxg5 hxg5 19. Ba6 Rfd8 20. Rd4 Kf8 21.
Rad1 Ke7 22. b3 f6 23. exf6+ gxf6 24. Rc1 Rd7 25. Bb5 Rb7 26. h4 a6 27. Be2 gxh4 28.
Rxh4 Rg8 29. f3 Kd6 30. Bxa6 Ra7 31. Ra4 Bc6 32. Rac4 Bxf3 33. Kf2 Bd5 34. Ra4 Rxg2+ 35. Ke3 Rg3+ 36. Kf2 Rf3+ 37. Ke2 Rh7 38. Kd2 Rh2+ 39. Be2 Rff2 40. Re1 Bf3 41. Rf4 Rxe2+ 42. Rxe2 Bxe2 0-1

[Event "Late-Titled-Tuesday-Blitz-October-03-2023"]
[Site "Chess.com"]
[Date "2023.10.03"]
[Round "5"]
[White "WPWPWP-2015"]
[Black "Rodalquilar"]
[Result "0-1"]
[WhiteElo "2502"]
[BlackElo "2729"]
[TimeControl "180+1"]
[EndTime "14:53:22 PDT"]
[Termination "Rodalquilar won by checkmate"]

1. e4 d5 2. exd5 Qxd5 3. Nc3 Qa5 4. Rb1 c5 5. Nf3 Nf6 6. Bc4 e6 7. O-O Be7 8. a3 O-O 9. d3 Qc7 10. Re1 a6 11. b4 b5 12. Bb3 cxb4 13. Ne4 Nxe4 14.
Rxe4 bxa3 15. Bf4 Bd6 16. Qc1 Bb7 17. Bxd6 Qxd6 18. Rd4 Qe7 19. Ne5 Nc6 20. Rd7 Qc5 21.
Nxf7 Nd8 22. Qf4 Rxf7 23. Bxe6 Qc6 24. Rxf7 Qxg2# 0-1

[Event "Late-Titled-Tuesday-Blitz-October-03-2023"]
[Site "Chess.com"]
[Date "2023.10.03"]
[Round "5"]
[White "jinxy2009"]
[Black "esskeettit"]
[Result "0-1"]
[WhiteElo "2273"]
[BlackElo "2471"]
[TimeControl "180+1"]
[EndTime "14:53:23 PDT"]
[Termination "esskeettit won by resignation"]

1. e4 c5 2. Nf3 Nc6 3. d4 cxd4 4. Nxd4 g6 5. c4 Nf6 6. Nc3 d6 7. Be2 Nxd4 8. Qxd4 Bg7 9. Be3 O-O 10. Qd2 a5 11. f3 a4 12. Rc1 Qa5 13. Kf2 Be6 14. Nd5 Qxd2 15. Nxe7+ Kh8 16. Bxd2 Rfe8 17. Nd5 Nxd5 18. cxd5 Bd4+ 19. Be3 Bxe3+ 20. Kxe3 Bxd5 21. Rhd1 Bxa2 22. Rxd6 Re7 23. Bb5 Bb3 24. Rd7 Rxd7 25. Bxd7 Rd8 26. Bb5 Rd6 27. Rc8+ Kg7 28. Bc4 Rb6 29. Bd3 Be6 30.
Rc2 Rb3 31. Ke2 b5 32. g3 b4 33. Kd2 a3 34. bxa3 bxa3 35. Ra2 Rxd3+ 36. Kxd3 Bxa2 37. Kc2 Be6 38. Kb1 a2+ 39. Ka1 Bc4 40. f4 Kf6 41. f5 gxf5 42. exf5 Kxf5 0-1

[Event "Late-Titled-Tuesday-Blitz-October-03-2023"]
[Site "Chess.com"]
[Date "2023.10.03"]
[Round "5"]
[White "djano"]
[Black "Harsha_Bharathakoti"]
[Result "0-1"]
[WhiteElo "2682"]
[BlackElo "2918"]
[TimeControl "180+1"]
[EndTime "14:53:24 PDT"]
[Termination "Harsha_Bharathakoti won by resignation"]

1. e4 c6 2. d4 d5 3. exd5 cxd5 4. Bd3 Nc6 5. c3 Qc7 6. Ne2 Bg4 7. O-O e6 8. Qe1 Bh5 9. f4 Bxe2 10. Qxe2 Bd6 11. g3 Nge7 12. Nd2 O-O-O 13. Nf3 Nf5 14. a4 Rde8 15.
b4 h5 16. a5 f6 17. a6 b6 18. Kg2 Kb8 19. Bd2 Nd8 20. Rfe1 Re7 21. c4 dxc4 22.
Bxc4 g5 23. Rac1 g4 24. Ne5 fxe5 25. dxe5 Qc6+ 26. Kg1 Bc7 27. Bd3 Nd4 28. Qf2 Nf3+ 29. Kh1 Qd5 30. Re3 Nxd2+ 31. Kg1 Nf3+ 32. Kh1 h4 33. Be4 hxg3 34. Qxg3 Qd2 35. Rc2 Qxe3 0-1

[Event "Late-Titled-Tuesday-Blitz-October-03-2023"]
[Site "Chess.com"]
[Date "2023.10.03"]
[Round "5"]
[White "The_Straightforward_Rook"]
[Black "littlepinkyboy"]
[Result "1-0"]
[WhiteElo "2560"]
[BlackElo "2415"]
[TimeControl "180+1"]
[EndTime "14:53:26 PDT"]
[Termination "The_Straightforward_Rook won by resignation"]

1. d4 Nf6 2. c4 g6 3. h4 Bg7 4. Nc3 d5 5. h5 Nxh5 6. cxd5 Nf6 7. e4 e6 8. Bb5+ Bd7 9. dxe6 fxe6 10. Qe2 Nc6 11. Nf3 O-O 12. Bh6 a6 13. Bd3 Ng4 14. Bxg7 Kxg7 15. O-O-O Rxf3 16. Qxf3 Qg5+ 17. Kb1 Rf8 18.
Qg3 Qf4 19. Qh4 h5 20. f3 Ne3 21. Qxf4 Rxf4 22. Rd2 Nxd4 23. Bxa6 bxa6 24. Rxd4 Be8 25.
Rd2 h4 26. Ne2 Rf8 27. Nd4 Kf6 28. Rxh4 Ke5 29. Nb3 Nc4 30. Rc2 Bb5 31. a4 Bxa4 32.
Rxc4 Bxb3 33. Rxc7 Rd8 34. Rc5+ Kd4 35. Rc1 a5 36. Rhh1 Ke5 37. Rc3 Kf4 38. Rxb3 1-0

[Event "Late-Titled-Tuesday-Blitz-October-03-2023"]
[Site "Chess.com"]
[Date "2023.10.03"]
[Round "5"]
[White "maxip32"]
[Black "Gogolev_Artemy"]
[Result "1-0"]
[WhiteElo "2548"]
[BlackElo "2399"]
[TimeControl "180+1"]
[EndTime "14:53:26 PDT"]
[Termination "maxip32 won on time"]

1. e4 c5 2. Nf3 Nc6 3. Bb5 e6 4. O-O Nge7 5. d4 cxd4 6. Nxd4 Qb6 7. Nxc6 bxc6 8. Bd3 Ng6 9. Nd2 Be7 10. Nc4 Qc7 11. f4 d5 12. Na3 O-O 13. e5 f6 14.
exf6 Bxf6 15. Kh1 e5 16. fxe5 Nxe5 17. Bf4 Qd8 18. Be2 Re8 19. c3 Ng6 20. Bg3 Be5 21.
Bxe5 Rxe5 22. Nc2 Bd7 23. Nd4 Qg5 24. Nf3 Qe7 25. Nxe5 Nxe5 26. Qd2 Re8 27. Rae1 g6 28.
Qd4 Bf5 29. b4 Nd3 30. Bxd3 Qxe1 31. Qg1 Qe3 32. Bxf5 Qxg1+ 33. Kxg1 gxf5 34. Rxf5 Re3 35. Rf3 Re2 36. Rf2 Re3 37. Rc2 Rd3 38. Kf2 1-0

[Event "Late-Titled-Tuesday-Blitz-October-03-2023"]
[Site "Chess.com"]
[Date "2023.10.03"]
[Round "5"]
[White "emeli_chess"]
[Black "elmusmolamas"]
[Result "0-1"]
[WhiteElo "2374"]
[BlackElo "2532"]
[TimeControl "180+1"]
[EndTime "14:53:26 PDT"]
[Termination "elmusmolamas won on time"]

1. d4 c5 2. d5 e5 3. e4 d6 4. Bb5+ Nd7 5. a4 Be7 6. Nc3 Bg5 7. Nf3 Bxc1 8. Qxc1 Nf6 9. h3 O-O 10.
O-O Nh5 11. Qg5 Ndf6 12. Ne2 h6 13. Qe3 Nh7 14. g4 N5f6 15. Ng3 a6 16. Bd3 Rb8 17. Nf5 Bxf5 18. gxf5 Nh5 19. Kh2 Nf4 20. Rg1 Kh8 21.
Rg4 Nf6 22. Rxf4 exf4 23. Qxf4 Qe7 24. Rg1 Nd7 25. Qg3 Qf6 26. Nh4 Rg8 27. c3 b5 28. a5 Ne5 29. Be2 Rbe8 30. f4 Nd7 31. Bd3 c4 32. Bc2 Nc5 33. Re1 Nd3 34. Bxd3 cxd3 35.
e5 Qd8 36. Ng2 dxe5 37. fxe5 Qxd5 0-1

[Event "Late-Titled-Tuesday-Blitz-October-03-2023"]
[Site "Chess.com"]
[Date "2023.10.03"]
[Round "5"]
[White "Eloist"]
[Black "nitpicker"]
[Result "1-0"]
[WhiteElo "2439"]
[BlackElo "2229"]
[TimeControl "180+1"]
[EndTime "14:53:26 PDT"]
[Termination "Eloist won on time"]

1. e4 c5 2. Nf3 d6 3. Bb5+ Nc6 4. O-O Bd7 5. Re1 e6 6. c3 g5 7. h3 h5 8. Nh2 g4 9. hxg4 hxg4 10. Qxg4 Nf6 11.
Qg3 Be7 12. d3 Qc7 13. Bg5 O-O-O 14. Nd2 Rdg8 15. Qe3 Ng4 16. Nxg4 Rxg5 17. Nh2 Ne5 18. Bxd7+ Kxd7 19. Ndf3 Rgh5 20. g3 Rxh2 21. Nxh2 Rxh2 22. d4 Ng4 23. Qf3 f5 24. exf5 Qc6 25. fxe6+ Kc7 26. d5 Qb5 27. Qxg4 Qxb2 28. Kxh2 Qxf2+ 29. Kh1 1-0

[Event "Late-Titled-Tuesday-Blitz-October-03-2023"]
[Site "Chess.com"]
[Date "2023.10.03"]
[Round "5"]
[White "Bala-Afiada"]
[Black "GMJustin"]
[Result "0-1"]
[WhiteElo "1926"]
[BlackElo "2198"]
[TimeControl "180+1"]
[EndTime "14:53:26 PDT"]
[Termination "GMJustin won by resignation"]

1. d4 Nf6 2. c4 g6 3. Nc3 Bg7 4.
e4 d6 5. Nf3 O-O 6. Be2 e5 7.
Be3 Ng4 8. Bg5 f6 9. Bc1 Nc6 10. h3 exd4 11. Nxd4 Nxd4 12. Qxd4 Ne5 13. f4 Nc6 14.
Qd5+ Kh8 15. O-O f5 16. Bf3 Nd4 17. exf5 c6 18. Qe4 Bxf5 19. Qe1 Nc2 20. Qd1 Nxa1 21. Be4 Bxc3 22. Bxf5 Qb6+ 23. Kh1 Bxb2 24. Bb1 Bxc1 25.
Qxc1 Qd4 26. Rd1 Qxf4 27. Qc3+ Qe5 28. Qd2 Rae8 29. Qxd6 Rf1+ 30. Rxf1 Qxd6 0-1

[Event "Late-Titled-Tuesday-Blitz-October-03-2023"]
[Site "Chess.com"]
[Date "2023.10.03"]
[Round "5"]
[White "cukus"]
[Black "JohnWhite1952"]
[Result "0-1"]
[WhiteElo "2345"]
[BlackElo "2080"]
[TimeControl "180+1"]
[EndTime "14:53:32 PDT"]
[Termination "JohnWhite1952 won on time"]

1. d4 Nf6 2. Nf3 g6 3. Bf4 d6 4.
e3 Bg7 5. h3 O-O 6. c4 c5 7.
Nc3 a6 8. Be2 Nc6 9. O-O cxd4 10.
exd4 d5 11. Re1 dxc4 12. Bxc4 b5 13. Bb3 Bb7 14. Rc1 Na5 15. Be5 Nxb3 16. axb3 Nd5 17. Ne4 Rc8 18. Nc5 Bxe5 19. Nxe5 Qc7 20. Qd2 e6 21.
Nxe6 fxe6 22. Rxc7 Rxc7 23. Ng4 Nf4 0-1

[Event "Late-Titled-Tuesday-Blitz-October-03-2023"]
[Site "Chess.com"]
[Date "2023.10.03"]
[Round "5"]
[White "chosenpr"]
[Black "Cambek64"]
[Result "0-1"]
[WhiteElo "2238"]
[BlackElo "2450"]
[TimeControl "180+1"]
[EndTime "14:53:33 PDT"]
[Termination "Cambek64 won by resignation"]

1. e4 e6 2. d4 d5 3. Nd2 Nc6 4. e5 Nxd4 5. f4 c5 6. Ngf3 Nxf3+ 7. Nxf3 Ne7 8. Be2 Nf5 9. O-O h5 10. c3 c4 11. Kh1 Bc5 12. Nd4 g6 13. Nxf5 gxf5 14.
Rf3 Bd7 15. Rh3 h4 16. b4 Bb6 17. a4 a5 18. b5 Bc5 19. g4 fxg4 20. Bxg4 Qe7 21.
Be3 O-O-O 22. Qe1 Rdg8 23. Bf3 b6 24. Qf2 Kc7 25. Rg1 Rxg1+ 26. Qxg1 Bxe3 27. Qxe3 Rg8 28. f5 Qa3 29. Qe1 Qxa4 30. fxe6 fxe6 31. Rxh4 Qxb5 32. Rh7 Qc5 33. Bh5 Kc8 34. Bf7 Rg5 35. h4 Rf5 36. Rh8+ Kc7 37. Bg6 Rf3 38. Kg2 Re3 39. Qf2 d4 40. cxd4 Qxd4 41. Rh7 Qg4+ 42. Kf1 Rf3 0-1

[Event "Late-Titled-Tuesday-Blitz-October-03-2023"]
[Site "Chess.com"]
[Date "2023.10.03"]
[Round "5"]
[White "GGuseinov"]
[Black "Malev212"]
[Result "1-0"]
[WhiteElo "2879"]
[BlackElo "2635"]
[TimeControl "180+1"]
[EndTime "14:53:34 PDT"]
[Termination "GGuseinov won by resignation"]

1. e4 g6 2. d4 Bg7 3. Nc3 c6 4. Be3 Qb6 5. Qd2 Qxb2 6. Rb1 Qa3 7. Nf3 d5 8. exd5 Nf6 9. dxc6 bxc6 10. Bc4 Ba6 11. Ne5 O-O 12. Rb3 Qa5 13. Qd3 Nfd7 14. Nxd7 Bxc4 15. Qxc4 Nxd7 16. Qxc6 Rac8 17. Qxd7 Rxc3 18.
O-O Rc7 19. Qb5 Qxa2 20. c4 a6 21. Qb4 a5 22. Qb5 a4 23. Rb4 a3 24. Ra4 Qe2 25.
g3 a2 26. Ra1 e5 27. dxe5 Rfc8 28. R1xa2 Qd1+ 29. Kg2 h5 30. Qd5 Qb3 31. e6 1-0

[Event "Late-Titled-Tuesday-Blitz-October-03-2023"]
[Site "Chess.com"]
[Date "2023.10.03"]
[Round "5"]
[White "Let_it_be_1"]
[Black "as9killer2"]
[Result "0-1"]
[WhiteElo "2623"]
[BlackElo "2497"]
[TimeControl "180+1"]
[EndTime "14:53:34 PDT"]
[Termination "as9killer2 won by resignation"]

1. e4 d6 2. d4 Nf6 3. Nc3 e5 4. Nf3 Nbd7 5. Bc4 h6 6. O-O Be7 7.
a4 c6 8. Ba2 Qc7 9. Qe2 Nf8 10.
Rd1 g5 11. Qc4 Ne6 12. d5 cxd5 13. Nxd5 Qxc4 14. Nxf6+ Bxf6 15. Bxc4 Nc5 16. Rxd6 Nxe4 17. Bb5+ Ke7 18. Rd1 g4 19. Nd2 Rd8 20. Be2 Nc5 21. b3 Bf5 22. Ba3 b6 23. Rac1 Bg5 24. Bb4 a5 25.
Bc3 f6 26. f3 h5 27. Kf2 Rac8 28. Bc4 Nxa4 29. bxa4 Bxd2 30. Bxd2 Rxc4 31. c3 Rxa4 32. Be3 Ra2+ 33. Kg3 gxf3 34. Rxd8 Kxd8 35. Bxb6+ Ke7 36. gxf3 a4 37. c4 Bd7 38. Rd1 Rc2 39. c5 a3 40. Bc7 a2 41. Bd6+ Ke8 42. f4 Rb2 43. Ra1 Be6 44. f5 Bf7 45. c6 Rb1 46. c7 Kd7 0-1

[Event "Late-Titled-Tuesday-Blitz-October-03-2023"]
[Site "Chess.com"]
[Date "2023.10.03"]
[Round "5"]
[White "nihalsarin"]
[Black "Hrant_ChessMood"]
[Result "0-1"]
[WhiteElo "3063"]
[BlackElo "2979"]
[TimeControl "180+1"]
[EndTime "14:53:35 PDT"]
[Termination "Hrant_ChessMood won on time"]

1. a3 d5 2. Nf3 Nf6 3. d4 Bf5 4. c4 c6 5. Nbd2 h6 6. e3 e6 7. Be2 Nbd7 8. O-O Bd6 9. b4 O-O 10. Bb2 Re8 11. Rc1 Ne4 12. c5 Bc7 13. b5 Nxd2 14.
Nxd2 e5 15. bxc6 bxc6 16. dxe5 Nxe5 17. Bxe5 Bxe5 18. Qa4 d4 19. e4 d3 20. Bf3 Be6 21.
g3 Qg5 22. Rfd1 Bb2 23. Rb1 Bc3 24. Nf1 Red8 25. Qxc6 Rac8 26. Qa6 Qxc5 27. Rxd3 Bd4 28. Rd2 Qc3 29. Kg2 Bc4 30. Qb7 Bxf1+ 31. Rxf1 Qxd2 32. Bh5 g6 33. Bg4 Rb8 34. Qe7 Qg5 0-1

[Event "Late-Titled-Tuesday-Blitz-October-03-2023"]
[Site "Chess.com"]
[Date "2023.10.03"]
[Round "5"]
[White "MalcolmPein"]
[Black "Leebit02"]
[Result "0-1"]
[WhiteElo "2284"]
[BlackElo "2487"]
[TimeControl "180+1"]
[EndTime "14:53:36 PDT"]
[Termination "Leebit02 won on time"]

1. d4 d5 2. Nf3 Nf6 3. c4 e6 4. Nc3 c6 5. e3 Nbd7 6. Qc2 Bd6 7. Bd2 O-O 8. Rg1 e5 9. cxd5 cxd5 10. Nb5 Bb8 11.
Bb4 Re8 12. Nd6 Bxd6 13. Bxd6 exd4 14. Nxd4 Qb6 15. Nb5 Ne4 16. Bc7 Qf6 17. f3 a6 18.
Nd4 Nd6 19. Kf2 Ne5 20. Bxd6 Qxd6 21. Rc1 Bd7 22. Bd3 g6 23. Rgd1 Rac8 24. Qb3 b5 25. Kg1 Qb6 26. a4 Nc4 27. axb5 Nxe3 28. Rxc8 Rxc8 29.
Bf1 Nxd1 30. Qxd5 Be6 0-1

[Event "Late-Titled-Tuesday-Blitz-October-03-2023"]
[Site "Chess.com"]
[Date "2023.10.03"]
[Round "5"]
[White "AlivodicDario"]
[Black "Chempiblinka"]
[Result "0-1"]
[WhiteElo "2461"]
[BlackElo "2315"]
[TimeControl "180+1"]
[EndTime "14:53:36 PDT"]
[Termination "Chempiblinka won on time"]

1. d4 Nf6 2. c4 g6 3. Nc3 Bg7 4.
e4 d6 5. Nge2 O-O 6. Ng3 c5 7.
d5 e6 8. Be2 exd5 9. exd5 Na6 10. Bg5 h6 11. Bf4 Nc7 12. Qd2 Kh7 13. h4 h5 14. Bg5 Qe8 15. O-O Bg4 16. f3 Bd7 17. f4 Ng4 18. f5 Bd4+ 19. Kh1 Nf2+ 20. Rxf2 Bxf2 21. Nge4 Bd4 22. Nxd6 Qe5 23. Bf4 Qf6 24. g3 Bxf5 25. Rf1 Be5 26. Nde4 Bxe4+ 27. Nxe4 Qf5 28. Ng5+ Kg8 29. Bd3 Bxf4 30. Rxf4 Qe5 31. Re4 Qxg3 32. Re7 Qxh4+ 33. Kg1 Rae8 34. d6 Qg3+ 35. Kh1 Na6 0-1

[Event "Late-Titled-Tuesday-Blitz-October-03-2023"]
[Site "Chess.com"]
[Date "2023.10.03"]
[Round "5"]
[White "ChadBiryani"]
[Black "Rutricks"]
[Result "0-1"]
[WhiteElo "2500"]
[BlackElo "2694"]
[TimeControl "180+1"]
[EndTime "14:53:38 PDT"]
[Termination "Rutricks won by resignation"]

1. d4 g6 2. h4 Nf6 3. c4 d6 4. Nc3 Nbd7 5. Nf3 e5 6. e3 Bg7 7. b3 O-O 8. Bb2 Re8 9. dxe5 dxe5 10.
Be2 e4 11. Nd4 Ne5 12. h5 gxh5 13. Qd2 Bg4 14. O-O-O Bxe2 15. Qxe2 Nd3+ 16. Kb1 Nxb2 17. Kxb2 Qd7 18. Rh4 Rad8 19. Ndb5 Qe7 20. g3 a6 21. Nd4 Qe5 22. Qc2 c5 23. Nde2 Ng4 24. Rxd8 Rxd8 25. Kc1 Nxf2 26. Nd5 Nd3+ 27. Kd2 Nb4 28. Qc3 Qg5 29.
a3 Bxc3+ 30. Nxc3 Nxd5 31. cxd5 Rxd5+ 32. Nxd5 Qxd5+ 33. Ke1 Qd3 34. Rxh5 Qxe3+ 35. Kf1 Qf3+ 36. Kg1 Qxh5 0-1

[Event "Late-Titled-Tuesday-Blitz-October-03-2023"]
[Site "Chess.com"]
[Date "2023.10.03"]
[Round "5"]
[White "bazar-wokzal"]
[Black "AjedrezenMadrid"]
[Result "1-0"]
[WhiteElo "2590"]
[BlackElo "2462"]
[TimeControl "180+1"]
[EndTime "14:53:40 PDT"]
[Termination "bazar-wokzal won on time"]

1. e4 c5 2. c3 d5 3. exd5 Nf6 4. Bb5+ Nbd7 5. c4 a6 6. Bxd7+ Qxd7 7. Nf3 b5 8. d3 g6 9. O-O Bg7 10. Re1 O-O 11.
Nc3 e6 12. dxe6 fxe6 13. Bg5 b4 14. Bxf6 Bxf6 15. Ne4 Bxb2 16. Nxc5 Qa7 17. Ne4 Bxa1 18. Qxa1 Qg7 19. Ne5 Bb7 20. Nc5 Rae8 21. Qb2 a5 22. a3 bxa3 23. Qxa3 Qf6 24. f3 Qh4 25. Re2 Qd4+ 26. Kf1 Ba8 27. Qxa5 Rb8 28. Nxe6 Rb1+ 29. Re1 Rfb8 30. Nxd4 1-0

[Event "Late-Titled-Tuesday-Blitz-October-03-2023"]
[Site "Chess.com"]
[Date "2023.10.03"]
[Round "5"]
[White "Hikaru"]
[Black "GMBenjaminBok"]
[Result "1-0"]
[WhiteElo "3276"]
[BlackElo "2985"]
[TimeControl "180+1"]
[EndTime "14:53:41 PDT"]
[Termination "Hikaru won on time"]

1. e4 c5 2. Nf3 d6 3. Bc4 Nf6 4. d3 e6 5. Bb3 Be7 6. O-O O-O 7. c3 b6 8. Re1 Bb7 9. Nbd2 Nbd7 10. Nf1 Re8 11. Ng3 Bf8 12. d4 Qc7 13. Bc2 g6 14.
h3 Bg7 15. Be3 e5 16. d5 c4 17. Nd2 b5 18. a4 a6 19. Qe2 Nc5 20. Ra3 Nfd7 21.
Rea1 Nb6 22. axb5 axb5 23. Nb1 Nba4 24. R3a2 Reb8 25. Na3 Qd7 26. Qd1 Bc8 27. Nxc4 Nxc3 28. bxc3 Rxa2 29. Rxa2 bxc4 30. Nf1 Qb5 31. Nd2 Bd7 32. Ra7 Be8 33. Qa1 h5 34. Kh2 Nd3 35.
Ba4 Qb2 36. Bxe8 Rxe8 37. Nxc4 Qe2 38. Nxd6 Rf8 39. Ra2 1-0

[Event "Late-Titled-Tuesday-Blitz-October-03-2023"]
[Site "Chess.com"]
[Date "2023.10.03"]
[Round "5"]
[White "Beca95"]
[Black "ViIIagra"]
[Result "1-0"]
[WhiteElo "3004"]
[BlackElo "2932"]
[TimeControl "180+1"]
[EndTime "14:53:42 PDT"]
[Termination "Beca95 won on time"]

1. e4 c6 2. d4 d5 3. e5 Bf5 4.
h4 h5 5. Bd3 Bxd3 6. Qxd3 Qa5+ 7. Nd2 Qa6 8. c4 e6 9. Ne2 Bb4 10. b3 Nd7 11. O-O Ne7 12. Ng3 Rd8 13. Qc2 c5 14. cxd5 Nxd5 15. dxc5 Nxe5 16. Nde4 Qd3 17. Qb2 Bc3 18. Nxc3 Nxc3 19. Bg5 f6 20. Rac1 Nd5 21. Rfe1 Rc8 22. Rxe5 fxe5 23. Qxe5 Qg6 24. Qd6 Rf8 25. Re1 Kf7 26. Qd7+ Kg8 27. Rxe6 Qb1+ 28. Kh2 Qd3 29. Rd6 Rxc5 30. Nxh5 Rf7 31. Qe8+ Rf8 32. Qe6+ Kh7 33. Nxg7 Kxg7 34. Rd7+ 1-0